 Dungeon Crawl Stone Soup version 0.28.0-53-g5a82cb258f (webtiles) character file.

Game seed: 10509716963254703421

110634 Labrat the Eclecticist (level 15, -5/126 HPs)
             Began as a Demigod Conjurer on Aug 7, 2022.
             Shot with an arrow by something (21 damage)
             ... on level 1 of the Elven Halls on Aug 8, 2022.
             The game lasted 02:30:35 (40408 turns).

Labrat the Eclecticist (Demigod Conjurer)          Turns: 40408, Time: 02:30:36

Health: -5/126     AC:  8    Str:  4    XL:     15   Next: 59%
Magic:  36/43      EV: 12    Int: 40    God:
Gold:   1419       SH:  5    Dex: 18    Spells: 28/51 levels left

rFire   . . .      SeeInvis .   o - +6 dagger of Watzeeh {vorpal, rElec rC+ rN+ Str-4}
rCold   + . .      Faith    .   (no shield)
rNeg    + . .      Spirit   .   p - +1 robe {Archmagi}
rPois   .          Reflect  +   j - +1 helmet
rElec   +          Harm     .   g - scarf {repulsion}
rCorr   .          Rampage  .   r - +2 pair of gloves {Stlth+}
Will    ++...      Archmagi +   (no boots)
Stlth   +++.......              X - amulet of reflection
HPRegen 0.31/turn               B - ring of willpower
MPRegen 0.28/turn               t - +6 ring of dexterity

@: repel missiles
A: high MP 1, forlorn, divine attributes
a: no special abilities


You were on level 1 of the Elven Halls.
You visited 6 branches of the dungeon, and saw 26 of its levels.
You visited 1 bazaar.
You also visited: Sewer, Bailey and Volcano.

You collected 2327 gold pieces.
You spent 908 gold pieces at shops.

Inventory:

Hand Weapons
 o - the +6 dagger of Watzeeh (weapon) {vorpal, rElec rC+ rN+ Str-4}
   (You found it on level 4 of the Dungeon)

   It inflicts extra damage upon your enemies.
   Str:       It affects your strength (-4).
   rC:        It protects you from cold.
   rElec:     It insulates you from electricity.
   rN:        It protects you from negative energy.
 C - the +5 short sword "Kamiwnao" {spect, Will- Str+4 Dex+7}
   (You took it off an orc on level 3 of the Dungeon)

   When its wielder attacks, the weapon's spirit leaps out and strikes again.
   The spirit shares a part of any damage it takes with its wielder.
   Str:       It affects your strength (+4).
   Dex:       It affects your dexterity (+7).
   Will:      It decreases your willpower.
 M - the +11 hand axe of Cetidav {vorpal, rElec rF- rN+ Dex+4}
   (You found it on level 1 of the Lair of Beasts)

   It inflicts extra damage upon your enemies.
   Dex:       It affects your dexterity (+4).
   rF:        It makes you vulnerable to fire.
   rElec:     It insulates you from electricity.
   rN:        It protects you from negative energy.
Missiles
 x - 7 curare-tipped darts
 F - 4 throwing nets
Armour
 f - +0 ice dragon scales
 g - a scarf of repulsion (worn)
 i - +0 steam dragon scales
 j - a +1 helmet (worn)
 p - a +1 robe of the Archmagi (worn)
 r - a +2 pair of gloves of stealth (worn)
 S - the +2 leather armour "Kiov" {Contam Harm Will++ Str+4}
   (You found it on level 11 of the Dungeon)

   Str:       It affects your strength (+4).
   Contam:    It causes magical contamination when unequipped.
   Harm:      It increases damage dealt and taken.
   Will:      It greatly increases your willpower.
Jewellery
 t - a +6 ring of dexterity (right hand)
 B - a ring of willpower (left hand)
 E - a ring of resist corrosion
 K - a ring of willpower
 N - an amulet of regeneration
 R - a ring of flight
 X - an amulet of reflection (around neck)
Wands
 a - a wand of flame (93)
 e - a wand of charming (5)
 n - a wand of acid (3)
 I - a wand of paralysis (10)
 W - a wand of iceblast (8)
 Y - a wand of digging (3)
 Z - a wand of polymorph (10)
Scrolls
 c - 6 scrolls of teleportation
 k - a scroll of acquirement
 s - 3 scrolls of holy word
 v - 2 scrolls of summoning
 w - a scroll of fog
 y - 7 scrolls of blinking
 A - a scroll of fear
 D - 6 scrolls of enchant weapon
 H - a scroll of brand weapon {unknown}
 L - 6 scrolls of enchant armour
 P - a scroll of magic mapping
 Q - 4 scrolls of immolation
 T - 2 scrolls of silence
 V - a scroll of amnesia
Potions
 b - 3 potions of haste
 d - 3 potions of curing
 h - a potion of might
 l - 5 potions of heal wounds
 m - 6 potions of mutation
 q - 4 potions of brilliance
 u - 2 potions of invisibility
 G - a potion of experience
 J - 2 potions of magic
 U - a potion of cancellation {unknown}
Miscellaneous
 O - a condenser vane


   Skills:
 - Level 10.0 Fighting
 - Level 1.7 Dodging
 - Level 1.7 Stealth
 + Level 18.7 Spellcasting
 - Level 10.0 Conjurations
 - Level 5.0 Earth Magic
 - Level 3.0 Poison Magic
 - Level 10.0 Evocations


You had 28 spell levels left.
You knew the following spells:

 Your Spells              Type           Power      Damage    Failure   Level
a - Magic Dart            Conj           100%       1d8       0%          1
b - Searing Ray           Conj           100%       2d8       1%          2
c - Iskenderun's Mystic   Conj/Tloc      86%        2d17      1%          4
d - Stone Arrow           Conj/Erth      100%       3d13      1%          3
e - Olgreb's Toxic Radia  Pois           75%        N/A       1%          4
f - Hailstorm             Conj/Ice       86%        3d17      1%          4
g - Borgnjor's Vile Clut  Necr/Erth      36%        N/A       7%          5

Your spell library contained the following spells:

 Spells                   Type           Power      Damage    Failure   Level
 Apportation              Tloc           100%       N/A       1%          1
 Beastly Appendage        Tmut           100%       N/A       1%          1
 Foxfire                  Conj/Fire      100%       2x1d9     1%          1
 Freeze                   Ice            100%       1d11      1%          1
 Sandblast                Erth           100%       2d20      1%          1
 Sting                    Tmut/Pois      100%       1d8       1%          1
 Summon Small Mammal      Summ           100%       N/A       1%          1
 Corpse Rot               Necr/Air       100%       N/A       1%          2
 Passwall                 Tmut/Erth      60%        N/A       1%          2
 Poisonous Vapours        Pois/Air       100%       N/A       1%          2
 Static Discharge         Conj/Air       86%        N/A       1%          2
 Sublimation of Blood     Necr           54%        N/A       1%          2
 Wereblood                Tmut           54%        N/A       1%          2
 Conjure Flame            Conj/Fire      86%        6-21      1%          3
 Dazzling Flash           Conj/Hex       100%       N/A       1%          3
 Spider Form              Tmut/Pois      65%        N/A       1%          3
 Flame Wave               Conj/Fire      86%        2d15      1%          4
 Fulminant Prism          Conj/Hex       43%        3d20      1%          4
 Sticky Flame             Conj/Fire      86%        2d10      1%          4
 Call Canine Familiar     Summ           54%        N/A       2%          3
 Frozen Ramparts          Ice            100%       1d12      2%          3
 Inner Flame              Hex/Fire       54%        N/A       2%          3
 Summon Guardian Golem    Hex/Summ       54%        N/A       2%          3
 Petrify                  Tmut/Erth      72%        N/A       2%          4
 Irradiate                Conj/Tmut      43%        3d27      2%          5
 Lightning Bolt           Conj/Air       43%        1d62      2%          5
 Cause Fear               Hex            27%        N/A       7%          4
 Dispel Undead            Necr           54%        3d20      7%          4
 Alistair's Intoxication  Tmut/Pois      43%        N/A       11%         5
 Agony                    Necr           54%        N/A       21%         5
 Silence                  Hex/Air        27%        N/A       21%         5
 Eringya's Noxious Bog    Tmut/Pois      32%        N/A       52%         6
 Haunt                    Necr/Summ      27%        N/A       99%         7
 Borgnjor's Revivificati  Necr           27%        N/A       100%        8
 Discord                  Hex            27%        N/A       100%        8
 Maxwell's Capacitive Co  Air            27%        ∞         100%        8


Dungeon Overview and Level Annotations

Branches:
Dungeon (14/15)            Temple (1/1) D:4            Lair (6/6) D:8
  Swamp (0/4) Lair:4       Spider (2/4) Lair:3        Slime (0/5) Lair:6
    Orc (2/2) D:11            Elf (1/3) Orc:2         Sewer (visited)
 Bailey (visited)         Volcano (visited)
 Vaults: D:13-14

Shops:
D:6 [=?   D:7 *   D:8 !   D:10 [   Orc:2 [[(!

Annotations:
D:13 Jorgrun
Elf:1 exclusion: 3 necromancers, Donald


Innate Abilities, Weirdness & Mutations

You have an increased reservoir of magic. (+10% MP)
You shall have no god before yourself.
Your divine heritage dramatically boosts your attributes as you level up.


Message History

The arrow hits you!!
The deep elf knight mumbles some strange words.
The deep elf knight seems to speed up.
Unknown command.
There is an open door here.
The deep elf knight mumbles some strange words.
The deep elf knight flickers and vanishes!
Deactivating autopickup; reactivate with Ctrl-A.
An arrow appears from out of thin air!
The arrow hits you.
An arrow appears from out of thin air!
The arrow hits you!
* * * LOW HITPOINT WARNING * * *
Unknown command.
You feel much better.
You feel a bit more experienced.
You hear a twanging sound.
An arrow appears from out of thin air!
The arrow hits you!
Casting: Olgreb's Toxic Radiance (mildly dangerous; 1% risk of failure)
Confirm with . or Enter, or press ? or * to list all spells.
Aiming: Stone Arrow (safe; 1% risk of failure)
Press: ? - help, Shift-Dir - straight line You feel a surge of power!
You hear a twanging sound.
An arrow appears from out of thin air!
The arrow hits you.
Casting: Stone Arrow (safe; 1% risk of failure)
Confirm with . or Enter, or press ? or * to list all spells.
Aiming: Stone Arrow (safe; 1% risk of failure)
Press: ? - help, Shift-Dir - straight line You feel a surge of power!
You hear some strange, mumbled words.
A shard of ice appears from out of thin air!
The shard of ice hits you!! You partially resist.
* * * LOW HITPOINT WARNING * * *
You hear a twanging sound.
An arrow appears from out of thin air!
The arrow hits you but does no damage.
As you read the scroll of fog, it crumbles to dust.
The scroll dissolves into smoke.
You feel a bit more experienced.
You hear a twanging sound.
An arrow appears from out of thin air!
The arrow hits you!!
You die...

#.....## ##.....## ##...##
....§§§#####'#.### #.###.##
....§§§§##{§...{.# #.# #..)
..§..§§§e§.#####.# #.###.##
.....§§§#### #§# ##...##
e....§§§# #§# ##.## .e.....## #{#
##.## ##....## #§# ##...## ##.#.#
#@# #...=.# ###.# #§### #.....#
##'## ####.#.## ##.....## ##...##
#.....#.## #.......# ##.....##
#.##.###.## #.##.##.# ##.......##
#.#.## ##.# #.##..#.#
#.........###....###.####.##....#
+.........'.......#..............
#.........####.........#####...##


There were no monsters in sight!

Vanquished Creatures
  Nikola (Elf:1)
  Gastronok (Lair:1)
  An orc warlord (Orc:2)
  Nessos (Lair:6)
  2 entropy weavers (Spider:1)
  2 fire dragons
  6 boulder beetles
  Harold (Lair:1)
  10 hydras
  Erolcha (D:10)
  2 catoblepae (Lair:6)
  Erica (Orc:1)
  3 centaur warriors (D:13)
  2 dancing weapons (Elf:1)
  3 two-headed ogres
  5 death yaks (Lair:6)
  A hell hog (Volcano)
  An orc high priest (Orc:2)
  The ghost of kalagan the Thaumaturge, a journeyman DECj of Sif Muna (Lair:2)
  Sonja (D:12)
  A deep elf knight (Orc:2)
  A pharaoh ant (Spider:1)
  Nergalle (D:8)
  A skeletal warrior (D:12)
  An orb spider (Spider:1)
  A swamp dragon (Lair:6)
  An orange crystal statue (D:9)
  A lindwurm (Lair:6)
  A necromancer (Elf:1)
  6 deep elf pyromancers
  3 orc knights
  Pikel (D:6)
  3 wolf spiders (Spider:1)
  2 deep elf zephyrmancers (Elf:1)
  An oklob plant (Lair:5)
  2 manticores (Lair:6)
  12 orc sorcerers
  2 cyclopes
  7 elephants
  7 black mambas
  2 molten gargoyles (Volcano)
  2 gargoyles (D:12)
  Maggie (D:7)
  Psyche (D:10)
  2 torpor snails (Lair:6)
  8 komodo dragons
  15 cane toads
  7 rime drakes
  A demonic crawler (Spider:1)
  5 trolls
  5 polar bears
  21 blink frogs
  6 tarantellas
  15 slime creatures
  9 jumping spiders (Spider:1)
  A dream sheep (Lair:6)
  Sigmund (D:6)
  7 culicivoras (Spider:1)
  A wraith (D:13)
  2 water elementals (Elf:1)
  A vampire (D:11)
  4 wyverns
  2 shadows
  10 basilisks
  A fire elemental (Elf:1)
  82 yaks
  24 redbacks (Spider:1)
  2 vampire mosquitoes (D:13)
  4 steam dragons
  5 fire bats
  10 wargs
  3 acid dragons (Lair:6)
  2 swamp worms (Lair:4)
  17 water moccasins
  2 black bears (D:8)
  23 orc warriors
  4 ice beasts
  3 sky beasts (D:7)
  5 necrophages
  2 swamp drakes (Lair:6)
  A hornet zombie (D:7)
  27 wolves
  The ghost of dvd2 the Poker, an amateur MfGl (D:3)
  10 centaurs
  8 ogres
  A phantom (D:5)
  An elf zombie (Elf:1)
  7 kobold brigands
  12 bullfrogs
  Blork the orc (D:5)
  4 scorpions
  4 killer bees (D:7)
  2 wights (D:12)
  6 centaur zombies
  6 lava snakes
  A bullfrog zombie (D:6)
  3 jellies
  13 orc priests
  2 bullfrog skeletons
  3 hounds
  Crazy Yiuf (D:2)
  13 iguanas
  38 orc wizards
  3 killer bee zombies (D:7)
  3 hound skeletons (D:4)
  3 mummies (D:12)
  A howler monkey skeleton (D:7)
  3 gnolls
  7 adders
  2 river rats (Sewer)
  2 white imps (D:8)
  2 adder skeletons
  2 worms
  A dart slug (D:2)
  94 orcs
  13 ball pythons
  3 bats
  12 endoplasms
  6 giant cockroaches
  6 goblins
  6 hobgoblins
  4 jackals (D:2)
  32 kobolds
  2 quokkas
  6 frilled lizards
  6 rats
  2 toadstools (D:1)
805 creatures vanquished.

Vanquished Creatures (others)
  A vault guard (D:14)
  An orc knight (Bailey)
  A hell hound (Volcano)
  82 fungi
  107 plants
  2 toadstools (D:1)
194 creatures vanquished.

Grand Total: 999 creatures vanquished

Notes
Turn   | Place    | Note
-------+----------+-------------------------------------------
     0 | D:1      | Labrat the Demigod Conjurer began the quest for the Orb.
     0 | D:1      | Reached XP level 1. HP: 14/14 MP: 5/5
   160 | D:1      | Reached skill level 2 in Spellcasting
   393 | D:1      | Reached XP level 2. HP: 15/20 MP: 1/7
  1307 | D:2      | Reached XP level 3. HP: 26/26 MP: 3/9
  1696 | D:1      | Learned a level 2 spell: Searing Ray
  1872 | D:2      | Found a runed translucent door.
  1873 | D:2      | Noticed Crazy Yiuf
  2003 | D:2      | Reached skill level 3 in Spellcasting
  2003 | D:2      | Reached XP level 4. HP: 33/33 MP: 8/11
  3142 | D:3      | Noticed an ice beast
  3561 | D:3      | Noticed a necrophage
  3562 | D:3      | Reached XP level 5. HP: 38/38 MP: 9/13
  3613 | D:3      | Killed a necrophage
  3614 | D:3      | Reached skill level 5 in Conjurations
  3831 | D:3      | Found a runed translucent gate.
  3832 | D:3      | Found a runed translucent gate.
  3832 | D:3      | Identified the +5 short sword "Kamiwnao" {spect, Will-
                  | Str+4 Dex+7}
  3833 | D:3      | Found a runed translucent gate.
  3834 | D:3      | Noticed dvd2's ghost (amateur MfGl)
  4076 | D:3      | Killed an ice beast
  4077 | D:3      | Reached skill level 4 in Spellcasting
  4077 | D:3      | Reached XP level 6. HP: 45/45 MP: 3/15
  4650 | D:4      | Found a staircase to the Ecumenical Temple.
  4668 | Temple   | Entered the Ecumenical Temple
  4987 | D:4      | Found a transporter.
  5146 | D:4      | Found a transporter.
  5180 | D:4      | Identified the +6 dagger of Watzeeh {vorpal, rElec rC+ rN+
                  | Str-4}
  5270 | D:5      | Entered Level 5 of the Dungeon
  5299 | D:5      | Noticed Blork the orc
  5309 | D:5      | Killed Blork the orc
  5465 | D:5      | Reached XP level 7. HP: 50/50 MP: 12/17
  5470 | D:5      | Reached skill level 5 in Spellcasting
  5597 | D:5      | Identified the +2 chain mail of Kiagaon {rElec rC+ MP+9
                  | Dex+3}
  6074 | D:5      | Learned a level 4 spell: Iskenderun's Mystic Blast
  6140 | D:6      | Found Tajiemuq's Jewellery Boutique.
  6185 | D:6      | Found Kuazuo's Antique Armour Boutique.
  6269 | D:6      | Found Ifakhluku's Magic Scroll Boutique.
  6270 | D:6      | Noticed Pikel
  6288 | D:6      | Killed Pikel
  6289 | D:6      | Reached skill level 7 in Spellcasting
  6289 | D:6      | Reached XP level 8. HP: 49/58 MP: 4/22
  6298 | D:6      | Reached skill level 1 in Fighting
  6309 | D:6      | Found a glowing drain.
  6418 | Sewer    | Entered a sewer
  6993 | D:6      | Noticed Sigmund
  6998 | D:6      | Killed Sigmund
  7064 | D:6      | Bought a scroll of blinking for 90 gold pieces
  7415 | D:7      | Reached skill level 5 in Fighting
  7911 | D:7      | Reached XP level 9. HP: 27/74 MP: 1/24
  8131 | D:7      | Found Ejaqiukh's Assorted Antiques.
  8169 | D:7      | Reached skill level 8 in Spellcasting
  8234 | D:7      | Noticed Maggie
  8767 | D:7      | Reached skill level 9 in Spellcasting
  9383 | D:2      | Killed Crazy Yiuf
  9567 | D:3      | Killed dvd2's ghost
 10128 | D:8      | Reached skill level 10 in Spellcasting
 10195 | D:8      | Reached skill level 1 in Evocations
 10348 | D:8      | Found a staircase to the Lair.
 10380 | D:8      | Learned a level 3 spell: Stone Arrow
 10646 | D:8      | Noticed a komodo dragon
 10655 | D:8      | Killed a komodo dragon
 10656 | D:8      | Reached XP level 10. HP: 81/81 MP: 16/28
 10750 | D:8      | Found Pufe's Distillery.
 11060 | D:8      | Reached skill level 5 in Evocations
 11568 | D:9      | Noticed a cyclops
 12253 | D:9      | Killed a cyclops
 12832 | D:9      | Noticed an orange crystal statue
 13267 | D:9      | Killed an orange crystal statue
 13268 | D:9      | Reached skill level 10 in Conjurations
 13421 | D:9      | Identified the +2 scimitar of Objectivity {drain, rC+}
 13462 | D:10     | Entered Level 10 of the Dungeon
 13549 | D:10     | Noticed Erolcha
 13565 | D:10     | Noticed a seven-headed hydra
 13568 | D:10     | Noticed a two-headed ogre
 13573 | D:10     | Killed a two-headed ogre
 13574 | D:10     | Reached XP level 11. HP: 56/86 MP: 22/30
 13574 | D:10     | Killed a seven-headed hydra
 13616 | D:10     | Found a flagged portal.
 13644 | Bailey   | Entered a bailey
 13912 | Bailey   | Reached skill level 11 in Spellcasting
 14240 | Bailey   | Noticed an orc knight
 14240 | Bailey   | Noticed an orc knight
 14262 | Bailey   | Killed an orc knight
 14414 | Bailey   | Learned a level 4 spell: Olgreb's Toxic Radiance
 14467 | D:10     | Noticed a two-headed ogre
 14482 | D:10     | Killed a two-headed ogre
 14871 | D:10     | Noticed Psyche
 14875 | D:10     | Killed Psyche
 14876 | D:10     | Reached skill level 12 in Spellcasting
 14915 | D:10     | Found Plog's Antique Armour Boutique.
 15092 | Lair:1   | Entered Level 1 of the Lair of Beasts
 15140 | Lair:1   | Identified the +11 hand axe of Cetidav {vorpal, rElec rF-
                  | rN+ Dex+4}
 15186 | Lair:1   | Noticed a seven-headed hydra
 15194 | Lair:1   | Killed a seven-headed hydra
 15338 | Lair:1   | Noticed a seven-headed hydra
 15345 | Lair:1   | Killed a seven-headed hydra
 15422 | Lair:1   | Noticed Nergalle
 15493 | Lair:1   | Noticed Harold
 15540 | Lair:1   | Noticed Gastronok
 16186 | D:11     | Noticed a boulder beetle
 16321 | D:11     | Got Sigaag's Disquisition on Evil
 16326 | D:11     | Noticed a two-headed ogre
 16337 | D:11     | Killed a two-headed ogre
 16338 | D:11     | Reached skill level 13 in Spellcasting
 16505 | D:11     | Identified the +2 leather armour "Kiov" {Contam Harm Will++
                  | Str+4}
 16823 | D:11     | Found a staircase to the Orcish Mines.
 17091 | D:11     | Killed a boulder beetle
 17092 | D:11     | Reached XP level 12. HP: 48/94 MP: 1/34
 17293 | D:11     | Identified the +0 ring mail of the Candlemaker {+Inv rC+
                  | Str-3 Int+7}
 17911 | D:12     | Noticed Sonja
 17962 | D:12     | Reached skill level 14 in Spellcasting
 18531 | D:12     | Killed Sonja
 18828 | D:8      | Killed Nergalle
 19700 | Lair:2   | Reached skill level 15 in Spellcasting
 20573 | Lair:2   | Found a runed translucent door.
 20656 | Lair:2   | Noticed a five-headed hydra
 20665 | Lair:2   | Killed a five-headed hydra
 21044 | Lair:2   | Noticed kalagan's ghost (journeyman DECj)
 21052 | Lair:2   | Killed kalagan's ghost
 21146 | Lair:3   | Noticed a seven-headed hydra
 21150 | Lair:3   | Killed a seven-headed hydra
 21315 | Lair:3   | Reached XP level 13. HP: 107/107 MP: 13/37
 22435 | Lair:3   | Found a hole to the Spider Nest.
 23140 | Lair:4   | Found a dark tunnel.
 23172 | Lair:4   | Learned a level 4 spell: Hailstorm
 23173 | Volcano  | Entered a volcano
 24841 | Lair:4   | Reached skill level 10 in Fighting
 24988 | Lair:4   | Found a staircase to the Swamp.
 26532 | D:7      | Killed Maggie
 26741 | Lair:6   | Entered Level 6 of the Lair of Beasts
 26741 | Lair:6   | Noticed Nessos
 26741 | Lair:6   | Found a staircase to the Slime Pits.
 27710 | Lair:6   | Reached skill level 16 in Spellcasting
 27814 | Lair:6   | Reached XP level 14. HP: 121/121 MP: 29/39
 28335 | Lair:6   | Killed Nessos
 28511 | Lair:6   | Reached skill level 17 in Spellcasting
 30195 | Lair:1   | Killed Gastronok
 30364 | Lair:1   | Killed Harold
 30581 | D:10     | Killed Erolcha
 30704 | D:13     | Noticed Jorgrun
 30705 | D:13     | Found a flickering gateway to a bazaar.
 30711 | Bazaar   | Entered a bazaar
 30725 | Bazaar   | Found Muid's Distillery.
 30725 | Bazaar   | Found Goegrig's Armour Emporium.
 30784 | Bazaar   | Found Eguoteomm's Magic Scroll Shoppe.
 30784 | Bazaar   | Found Myblurr's Assorted Antiques.
 30806 | Bazaar   | Found Qesy's Jewellery Shoppe.
 30806 | Bazaar   | Found Huix's Antique Armour Emporium.
 30883 | Bazaar   | Bought a potion of experience for 650 gold pieces
 30883 | Bazaar   | Bought a potion of haste for 130 gold pieces
 30907 | Bazaar   | Bought a scroll of fear for 38 gold pieces
 32068 | D:13     | Reached skill level 18 in Spellcasting
 32821 | D:12     | Learned a level 5 spell: Borgnjor's Vile Clutch
 32847 | Orc:1    | Entered Level 1 of the Orcish Mines
 32955 | Orc:1    | Noticed Erica
 32973 | Orc:1    | Killed Erica
 33074 | Orc:1    | Reached skill level 1 in Earth Magic
 33481 | Orc:2    | Entered Level 2 of the Orcish Mines
 34492 | Orc:2    | Noticed an orc warlord
 34730 | Orc:2    | Reached XP level 15. HP: 126/126 MP: 30/42
 35019 | Orc:2    | Found a staircase to the Elven Halls.
 35664 | Orc:2    | Found Uwouhioh's Antique Weapon Shoppe.
 35664 | Orc:2    | Found Isuehor's Distillery.
 36151 | Orc:2    | Found Heceokaw's Antique Armour Shoppe.
 36151 | Orc:2    | Found Ceudo's Antique Armour Boutique.
 37120 | Spider:1 | Entered Level 1 of the Spider Nest
 37132 | Spider:1 | Reached skill level 1 in Poison Magic
 37426 | Spider:1 | Reached skill level 10 in Evocations
 37554 | Spider:1 | You fall into a shaft and drop 1 floor!
 37610 | Spider:1 | Reached skill level 5 in Earth Magic
 39166 | Spider:1 | Identified a scroll of acquirement
 39416 | Elf:1    | Entered Level 1 of the Elven Halls
 39805 | Elf:1    | Noticed Donald
 39832 | Elf:1    | Noticed Nikola
 39941 | Elf:1    | Killed Nikola
 40408 | Elf:1    | Shot with an arrow by something

Illustrated notes

Levels and vault maps discovered:
D:1:      ldierk_water_garden, layout_loops_ring,
          nicolae_ecumenical_snake_handling, minmay_bisected
D:2:      layout_loops_ring, minmay_misc_feat_nine_boxes, chequers_jeans,
          uniq_crazy_yiuf_cottage
D:3:      layout_loops_ring, gammafunk_temple_overflow_statue,
          amethyst_overflow_temple_binary, biasface_ghost_orc_armoury,
          kennysheep_potato
D:4:      gammafunk_cloud_chamber, layout_cave_pools, minmay_temple_entry_glass
D:5:      layout_rooms, grunt_decor_one_mirror, uniq_blork_the_orc
D:6:      minmay_evil_eye, layout_basic, old_standard_altar,
          mainiacjoe_overflow_small_starburst, gup_sewer_entry_glass,
          serial_shops, shop, nicolae_shop_crystal,
          nicolae_shop_advertising_works [nicolae_subvault_shop_adworks],
          uniq_sigmund, uniq_pikel
D:7:      layout_loops_ring, minmay_overflow_temple_star_quad, serial_shops,
          shop_coins, minmay_fractal_squares_5, uniq_maggie
D:8:      layout_basic, due_lair_maze_entry_diamond, serial_shops,
          kennysheep_little_box
D:9:      layout_basic, kennysheep_decorative_pillar, minivault_15, st_stairs_6
D:10:     layout_irregular_city, enter_bailey_5, serial_shops,
          nicolae_shop_stone, uniq_psyche, uniq_erolcha
D:11:     layout_small_grid, hiddenorc1_lemuel
D:12:     layout_cave_pools, serial_undead, serial_undead_b, serial_undead_f,
          serial_undead_a, serial_undead_a, serial_undead_e, uniq_sonja
D:13:     layout_basic, serial_shops, bzr_entry_dummy, uniq_jorgrun
D:14:     hellmonk_paralyzer, layout_cave_pools, ximxim_vaults_locker_room,
          serial_park_tiny_1, chequers_garden
Temple:   oiseaux_autumnal_temple
Lair:1:   layout_concentric_octagons, basic_altar,
          chequers_serial_rivers_micro_b, uniq_harold, uniq_gastronok,
          uniq_nergalle
Lair:2:   layout_regular_city, ebering_ghost_reflecting_pool,
          grunt_megastairs_2, serial_bayou_shore_b, lemuel_fruit_fields
Lair:3:   layout_regular_city, spider_nest_entry_rubble, lemuel_centaur_altar,
          lemuel_fruit_tree, grunt_megastairs_5
Lair:4:   layout_regular_city, palyth_hydra_swamp_entry,
          nicolae_volcano_entry_batcave, serial_bayou_pond_d
Lair:5:   layout_roguey, kennysheep_basilisk_garden,
          infiniplex_staircase_pool_2, serial_bayou_shore_b, grunt_megastairs_3
Lair:6:   hangedman_lair_in_review, layout_cave_shapes,
          guppyfry_lair_end_dragon, slime_altar_1, serial_bayou_pond_b,
          uniq_nessos
Spider:1: layout_spider_delve, nicolae_spider_rock_and_or_roll,
          hangedman_spider_tarantella_strand
Spider:2: layout_spider_delve
Orc:1:    layout_caves, basic_altar, uniq_erica
Orc:2:    st_orc_town, layout_caves, elf_legates
Elf:1:    eino_elf_arrival_the_gate, layout_loops_corners,
          minmay_elf_necromancy, grunt_megastairs_1, uniq_nikola, uniq_donald

Skill      XL: |  1  2  3  4  5  6  7  8  9 10 11 12 13 14 15 |
---------------+----------------------------------------------+-----
Spellcasting   | 2 3 4 7 10 13 15 16 18 | 18.7
Conjurations   | 4 5 6 7 10 | 10.0
Fighting       | 5 8 10 | 10.0
Evocations     | 4 5 8 9 10 | 10.0
Earth Magic    | 3 5 |  5.0
Poison Magic   | 3 |  3.0
Dodging        | |  1.7
Stealth        | |  1.7

Action                   |  1- 3 |  4- 6 |  7- 9 | 10-12 | 13-15 || total
-------------------------+-------+-------+-------+-------+-------++-------
Melee: Unarmed           |     8 |       |       |       |       ||     8
       Dagger            |       |    18 |    63 |    13 |    58 ||   152
       Punch             |       |       |     2 |     1 |     1 ||     4
       Short sword       |       |       |     6 |    30 |       ||    36
       Hand axe          |       |       |       |    95 |    74 ||   169
Throw: Dart              |       |       |     3 |    16 |     1 ||    20
 Cast: Magic Dart        |    92 |   100 |   139 |   182 |   137 ||   650
       Searing Ray       |       |    10 |    52 |    33 |     8 ||   103
       Iskenderun's Myst |       |       |    12 |    70 |   128 ||   210
       Stone Arrow       |       |       |       |   147 |   493 ||   640
       Olgreb's Toxic Ra |       |       |       |     4 |    83 ||    87
       Hailstorm         |       |       |       |       |    17 ||    17
       Borgnjor's Vile C |       |       |       |       |     5 ||     5
Evoke: Condenser vane    |       |       |       |     1 |     1 ||     2
       Wand              |       |       |       |     3 |     5 ||     8
  Use: Scroll            |       |       |    13 |     6 |    11 ||    30
       Potion            |       |       |     1 |     1 |     3 ||     5
 Stab: Sleeping          |       |     1 |       |     6 |       ||     7
       Distracted        |       |       |       |     1 |       ||     1
Armor: Robe              |     2 |    16 |    49 |    65 |    82 ||   214
       Ice dragon scales |       |       |    17 |       |       ||    17
       Steam dragon scal |       |       |       |       |     2 ||     2
       Fire dragon scale |       |       |       |       |     1 ||     1
Dodge: Dodged            |    16 |    32 |   114 |   210 |   161 ||   533
       Repelled          |       |       |     2 |     7 |     8 ||    17
Block: Other             |       |       |       |       |    57 ||    57
       Reflection        |       |       |       |       |    11 ||    11
